Thunder vs Demolitions
Created - October 29, 2019 at 20:17
Goals
|
| Thunder |
1 |
1 |
1 |
3 |
| Demolitions |
1 |
1 |
2 |
4 |
|
Shots
|
| Thunder |
13 |
11 |
8 |
32 |
| Demolitions |
17 |
14 |
14 |
45 |
|
1st period
1. Thunder , William Karlsson 4 (Josh Manson 1, Eric Fehr 8) at 14:20 (PP)
2. Demolitions , Daultan Leveillé 6 (Spencer Machacek 5) at 17:56
Penalties :
Spencer Machacek (Vic) for Hooking (Minor) at 12:56
2nd period
3. Thunder , Eric Fehr 2 (Dany Roussin 3, William Karlsson 5) at 17:27
4. Demolitions , Phil Di Giuseppe 2 (Colton Gillies 4, Jared Staal 1) at 19:11
Penalties :
J.T. Brown (Vic) for Holding (Minor) at 8:24
3rd period
5. Demolitions , J.T. Brown 4 (Lane MacDermid 5, Andrej Nestrasil 1) at 8:24
6. Thunder , Eric Fehr 3 (William Karlsson 6, Dany Roussin 4) at 9:19
7. Demolitions , Brandon Saad 2 (Daultan Leveillé 4, Spencer Machacek 6) at 17:45
Penalties :
David Wolf (TRO) for Roughing (Minor) at 9:53, Lane MacDermid (Vic) for Roughing (Minor) at 12:54
Goalie Stats
Niklas Treutle (TRO), 41 saves from 45 shots - (0.911), L, 1-3-0, 59:27 minutes
Antti Raanta (Vic), 29 saves from 32 shots - (0.906), W, 2-0-0, 60:00 minutes
Players Stats for Thunder
Player Name G A P +/- PIM S H SB GA TA FO MP PP MP PK MP
------------------------------------------------------------------------------------
Artur Gavrus 0 0 0 0 0 0 0 0 0 0 0/1 1:44 0:00 0:23
Austin Poganski 0 0 0 -1 0 0 1 0 0 2 0/1 14:18 0:00 0:00
Austin Wuthrich 0 0 0 -2 0 2 2 3 0 0 0/0 16:54 1:51 0:00
Colby Cave 0 0 0 0 0 0 0 0 0 0 0/0 1:51 0:28 0:00
Dany Roussin 0 2 2 1 0 5 3 1 0 1 0/2 20:13 3:13 1:26
David Wolf 0 0 0 -2 2 4 3 0 0 0 1/1 16:22 1:41 0:00
Derek Forbort 0 0 0 0 0 1 1 1 0 0 0/0 10:22 0:00 0:00
Emil Johansson 0 0 0 0 0 0 0 0 0 0 0/0 0:29 0:26 0:00
Eric Fehr 2 1 3 1 0 6 4 3 2 0 2/4 24:14 3:13 1:26
Gianluca Curcuruto 0 0 0 0 0 0 1 2 0 0 0/0 6:14 0:00 0:00
Jamie McGinn 0 0 0 -1 0 0 2 3 0 0 0/0 14:18 0:00 0:00
Jesper Pettersson 0 0 0 0 0 0 0 0 0 0 0/0 6:14 0:00 0:00
Joey Ryan 0 0 0 -2 0 0 0 3 0 0 0/0 17:19 1:21 0:42
Jordan Weal 0 0 0 0 0 0 0 1 0 0 0/2 6:42 0:00 0:00
Josh Manson 0 1 1 0 0 3 4 2 0 1 0/0 26:05 4:01 1:17
Justin Falk 0 0 0 0 0 2 1 1 2 0 0/0 26:05 4:01 1:17
Mackenze Stewart 0 0 0 0 0 0 0 0 0 0 0/0 0:00 0:00 0:00
Mikko Vainonen 0 0 0 0 0 0 0 1 0 0 0/0 10:22 0:00 0:00
Nikolay Prokhorkin 0 0 0 0 0 0 0 0 0 0 0/0 7:33 0:28 0:23
Peter Andersson 0 0 0 -2 0 0 1 2 0 0 0/0 16:50 0:55 0:42
Trevor Lewis 0 0 0 -2 0 3 1 0 1 0 3/14 16:33 1:41 0:10
Vincent Dunn 0 0 0 0 0 0 0 0 0 1 1/1 3:30 0:47 0:00
William Karlsson 1 2 3 1 0 4 0 1 0 1 20/28 19:30 2:44 0:10
Zach Stepan 0 0 0 -1 0 2 0 0 1 0 0/3 14:18 0:00 0:00
Players Stats for Demolitions
Player Name G A P +/- PIM S H SB GA TA FO MP PP MP PK MP
------------------------------------------------------------------------------------
Aaron Palushaj 0 0 0 0 0 2 0 0 0 0 0/0 9:18 0:00 0:00
Alex Hutchings 0 0 0 0 0 3 0 0 0 0 0/0 11:29 0:00 0:30
Andrej Nestrasil 0 1 1 1 0 0 0 0 0 0 7/11 14:58 1:18 1:02
Brandon Saad 1 0 1 0 0 4 2 1 0 0 0/1 19:13 0:41 1:40
Colton Gillies 0 1 1 1 0 3 2 0 0 2 3/7 14:18 0:00 2:08
Daultan Leveillé 1 1 2 0 0 3 1 0 0 0 17/33 18:43 0:41 1:10
J.T. Brown 1 0 1 1 2 1 1 0 1 0 1/1 14:56 1:18 1:01
Jake Muzzin 0 0 0 1 0 0 0 3 0 1 0/0 19:56 0:00 1:37
Jared Staal 0 1 1 1 0 1 1 0 0 0 0/0 12:10 0:00 0:00
Jonathan Blum 0 0 0 1 0 3 0 2 0 0 0/0 25:18 1:59 2:12
Jordie Benn 0 0 0 1 0 1 0 0 0 0 0/0 22:30 1:59 2:19
Lane MacDermid 0 1 1 1 2 3 2 1 1 1 0/0 16:25 1:18 0:49
Michael Bunting 0 0 0 0 0 0 0 0 0 0 0/0 0:00 0:00 0:00
Michael Prapavessis 0 0 0 0 0 0 0 0 0 0 0/0 4:00 0:00 1:05
Nick Shore 0 0 0 0 0 0 0 0 0 0 0/0 2:02 0:00 0:21
Nikita Tryamkin 0 0 0 1 0 2 0 0 1 0 0/0 19:56 0:00 1:37
Phil Di Giuseppe 1 0 1 1 0 6 1 0 0 0 1/1 12:10 0:00 0:00
Phil McRae 0 0 0 0 0 2 0 0 0 0 0/1 9:18 0:00 0:00
Robert Bortuzzo 0 0 0 0 0 3 0 1 0 1 0/0 13:32 0:00 0:19
Spencer Machacek 0 2 2 0 2 5 1 1 1 0 1/2 19:35 0:41 2:03
Taylor Aronson 0 0 0 0 0 3 2 0 2 1 0/0 14:48 0:00 1:35
3 Stars
1 - Eric Fehr (TRO)
2 - William Karlsson (TRO)
3 - Daultan Leveillé (Vic)
Power Play
Thunder - 1 on 3 Attempt(s) - 33.33%
Demolitions - 0 on 1 Attempt(s) - 0.00%
Penalty Kill
Thunder - 1 on 1 Attempt(s) - 100.00%
- Score 0 goal in Penalty Kill
Demolitions - 2 on 3 Attempt(s) - 66.67%
- Score 0 goal in Penalty Kill
Team Stat
Thunder - Hits : 24 - Faceoff Wins : 27 - Blocked Shots : 24 - Penalty Minutes : 2
Demolitions - Hits : 13 - Faceoff Wins : 30 - Blocked Shots : 9 - Penalty Minutes : 6
Official
Referees : Unknown
Linesman : Unknown
Game Notes
No Game Note
Finance
Level 1 -- Attendance: 1602 (80.10%) -- Ticket Income $41,652
Level 2 -- Attendance: 770 (77.00%) -- Ticket Income $6,930
Total Attendance: 2372 (79.07%)
Total Ticket Income: $48,582
Other Income: $2,429
Total Income: $51,011
Thunder
5 vs 5 Forward
Center Left Wing Right Wing Time % Phy DF OF
1 William Karlsson Dany Roussin Eric Fehr 40 1 2 2
2 Trevor Lewis David Wolf Austin Wuthrich 30 1 2 2
3 Zach Stepan Jamie McGinn Austin Poganski 20 1 2 2
4 Jordan Weal Nikolay Prokhorkin Eric Fehr 10 1 2 2
5 vs 5 Defense
Defense Defense Time % Phy DF OF
1 Justin Falk Josh Manson 40 1 2 2
2 Joey Ryan Peter Andersson 30 1 2 2
3 Derek Forbort Mikko Vainonen 20 1 2 2
4 Gianluca Curcuruto Jesper Pettersson 10 1 2 2
PowerPlay Forward
Center Left Wing Right Wing Time % Phy DF OF
1 William Karlsson Dany Roussin Eric Fehr 60 1 2 2
2 Trevor Lewis David Wolf Austin Wuthrich 40 1 2 2
PowerPlay Defense
Defense Defense Time % Phy DF OF
1 Justin Falk Josh Manson 60 1 2 2
2 Joey Ryan Peter Andersson 40 1 2 2
Penalty Kill 4 Players Forward
Center Wing Time % Phy DF OF
1 Eric Fehr Dany Roussin 60 1 2 2
2 William Karlsson Trevor Lewis 40 1 2 2
Penalty Kill 4 Players Defense
Defense Defense Time % Phy DF OF
1 Justin Falk Josh Manson 60 1 2 2
2 Joey Ryan Peter Andersson 40 1 2 2
Penalty Kill - 3 Players Forward
Forward Time % Phy DF OF
1 Eric Fehr 60 1 2 2
2 Dany Roussin 40 1 2 2
Penalty Kill - 3 Players Defense
Defense Defense Time % Phy DF OF
1 Justin Falk Josh Manson 60 1 2 2
2 Joey Ryan Peter Andersson 40 1 2 2
4 vs 4 Forward
Center Wing Time % Phy DF OF
1 Eric Fehr Dany Roussin 60 1 2 2
2 William Karlsson Trevor Lewis 40 1 2 2
4 vs 4 Defense
Defense Defense Time % Phy DF OF
1 Justin Falk Josh Manson 60 1 2 2
2 Joey Ryan Peter Andersson 40 1 2 2
Last Minutes Offensive
Center Left Wing Right Wing Defense Defense
William Karlsson Dany Roussin Eric Fehr Justin Falk Josh Manson
Last Minutes Defensive
Center Left Wing Right Wing Defense Defense
William Karlsson Dany Roussin Eric Fehr Justin Falk Josh Manson
Goaltenders
Starting : Niklas Treutle
Backup : Jussi Rynnas
Extra Forwards
Normal : Vincent Dunn, Colby Cave, Artur Gavrus - PP : Vincent Dunn, Colby Cave - PK : Artur Gavrus
Extra Defensemen
Normal : Emil Johansson, Mackenze Stewart, Derek Forbort - PP : Emil Johansson - PK : Mackenze Stewart, Derek Forbort
Penalty Shots
Eric Fehr, Dany Roussin, William Karlsson, Trevor Lewis, David Wolf
Scratches
Jarrod Maidens (Healthy)
Demolitions
5 vs 5 Forward
Center Left Wing Right Wing Time % Phy DF OF
1 Daultan Leveillé Brandon Saad Spencer Machacek 40 1 2 2
2 Andrej Nestrasil Lane MacDermid J.T. Brown 30 1 2 2
3 Colton Gillies Phil Di Giuseppe Jared Staal 20 1 2 2
4 Phil McRae Alex Hutchings Aaron Palushaj 10 1 2 2
5 vs 5 Defense
Defense Defense Time % Phy DF OF
1 Jonathan Blum Jordie Benn 40 1 2 2
2 Jake Muzzin Nikita Tryamkin 30 1 2 2
3 Robert Bortuzzo Taylor Aronson 20 1 2 2
4 Michael Prapavessis Jonathan Blum 10 1 2 2
PowerPlay Forward
Center Left Wing Right Wing Time % Phy DF OF
1 Daultan Leveillé Brandon Saad Spencer Machacek 60 1 2 2
2 Andrej Nestrasil Lane MacDermid J.T. Brown 40 1 2 2
PowerPlay Defense
Defense Defense Time % Phy DF OF
1 Jonathan Blum Jordie Benn 60 1 2 2
2 Jake Muzzin Nikita Tryamkin 40 1 2 2
Penalty Kill 4 Players Forward
Center Wing Time % Phy DF OF
1 Spencer Machacek J.T. Brown 60 1 2 2
2 Daultan Leveillé Brandon Saad 40 1 2 2
Penalty Kill 4 Players Defense
Defense Defense Time % Phy DF OF
1 Jonathan Blum Jordie Benn 60 1 2 2
2 Jake Muzzin Nikita Tryamkin 40 1 2 2
Penalty Kill - 3 Players Forward
Forward Time % Phy DF OF
1 Spencer Machacek 60 1 2 2
2 J.T. Brown 40 1 2 2
Penalty Kill - 3 Players Defense
Defense Defense Time % Phy DF OF
1 Jonathan Blum Jordie Benn 60 1 2 2
2 Jake Muzzin Nikita Tryamkin 40 1 2 2
4 vs 4 Forward
Center Wing Time % Phy DF OF
1 Spencer Machacek J.T. Brown 60 1 2 2
2 Daultan Leveillé Brandon Saad 40 1 2 2
4 vs 4 Defense
Defense Defense Time % Phy DF OF
1 Jonathan Blum Jordie Benn 60 1 2 2
2 Jake Muzzin Nikita Tryamkin 40 1 2 2
Last Minutes Offensive
Center Left Wing Right Wing Defense Defense
Daultan Leveillé Brandon Saad Spencer Machacek Jonathan Blum Jordie Benn
Last Minutes Defensive
Center Left Wing Right Wing Defense Defense
Daultan Leveillé Brandon Saad Spencer Machacek Jonathan Blum Jordie Benn
Goaltenders
Starting : Antti Raanta
Backup : Brandon Halverson
Extra Forwards
Normal : Nick Shore, Michael Bunting, Colton Gillies - PP : Nick Shore, Michael Bunting - PK : Colton Gillies
Extra Defensemen
Normal : Robert Bortuzzo, Taylor Aronson, Michael Prapavessis - PP : Robert Bortuzzo - PK : Taylor Aronson, Michael Prapavessis
Penalty Shots
Spencer Machacek, J.T. Brown, Daultan Leveillé, Brandon Saad, Lane MacDermid
Scratches
Ryan Olsen (Healthy), Thomas DiPauli (Healthy), Taylor Leier (Healthy), Colton Sceviour (Healthy), Nick Pryor (Healthy)
Jaedon Descheneau (Healthy), Jake Paterson (Healthy)
% Time on Ice - Thunder
Lines # - Real PCT - Wanted PCT - Time Play
Normal Forward
1 - 29% - 40% - 15:14
2 - 31% - 30% - 16:05
3 - 27% - 20% - 14:18
4 - 13% - 10% - 6:42
Normal Defense
1 - 39% - 40% - 20:27
2 - 29% - 30% - 15:16
3 - 20% - 20% - 10:22
4 - 12% - 10% - 6:14
PP Forward
1 - 60% - 60% - 3:13
2 - 40% - 40% - 2:09
PP Defense
1 - 75% - 60% - 4:01
2 - 25% - 40% - 1:21
PK Forward
1 - 92% - 60% - 1:49
2 - 8% - 40% - 0:10
PK Defense
1 - 65% - 60% - 1:17
2 - 35% - 40% - 0:42
PK3 Forward
1 - 0% - 60%
2 - 0% - 40%
PK3 Defense
1 - 0% - 60%
2 - 0% - 40%
44 Forward
1 - 0% - 60%
2 - 0% - 40%
44 Defense
1 - 0% - 60%
2 - 0% - 40%
Last Minute Offensive - 0:20
Last Minute Defensive - 0:00
Total
Forward - 60:00
Defense - 60:00
|
% Time on Ice - Demolitions
Lines # - Real PCT - Wanted PCT - Time Play
Normal Forward
1 - 34% - 40% - 17:19
2 - 25% - 30% - 12:38
3 - 24% - 20% - 12:10
4 - 18% - 10% - 9:18
Normal Defense
1 - 38% - 40% - 19:33
2 - 34% - 30% - 17:25
3 - 22% - 20% - 11:32
4 - 6% - 10% - 2:55
PP Forward
1 - 34% - 60% - 0:41
2 - 66% - 40% - 1:18
PP Defense
1 - 100% - 60% - 1:59
2 - 0% - 40% - 0:00
PK Forward
1 - 78% - 60% - 4:12
2 - 22% - 40% - 1:10
PK Defense
1 - 59% - 60% - 3:09
2 - 41% - 40% - 2:13
PK3 Forward
1 - 0% - 60%
2 - 0% - 40%
PK3 Defense
1 - 0% - 60%
2 - 0% - 40%
44 Forward
1 - 0% - 60%
2 - 0% - 40%
44 Defense
1 - 0% - 60%
2 - 0% - 40%
Last Minute Offensive - 0:00
Last Minute Defensive - 1:14
Total
Forward - 60:00
Defense - 60:00
|
Play-by-Play
1st period
0:01 of 1st period - Daultan Leveillé wins face-off versus William Karlsson in neutral zone.
0:10 of 1st period - Jonathan Blum is hit by Josh Manson and loses puck.
0:25 of 1st period - Snap shot by Phil Di Giuseppe.
0:25 of 1st period - Stopped by Niklas Treutle with a rebound.
0:31 of 1st period - Snap shot by Eric Fehr.
0:31 of 1st period - Shot Blocked by Jake Muzzin.
0:33 of 1st period - Snap shot by Josh Manson.
0:33 of 1st period - Stopped by Antti Raanta with a rebound.
0:35 of 1st period - Snap shot by Dany Roussin.
0:35 of 1st period - Stopped by Antti Raanta without a rebound.
0:36 of 1st period - Trevor Lewis wins face-off versus Andrej Nestrasil in Demolitions zone.
1:26 of 1st period - Spencer Machacek is hit by Eric Fehr and loses puck.
2:00 of 1st period - Wrist shot by Lane MacDermid.
2:00 of 1st period - Stopped by Niklas Treutle with a rebound.
2:03 of 1st period - Icing by Justin Falk.
2:04 of 1st period - Andrej Nestrasil wins face-off versus William Karlsson in Thunder zone.
2:27 of 1st period - Wrist shot by Lane MacDermid.
2:27 of 1st period - Stopped by Niklas Treutle with a rebound.
2:29 of 1st period - Snap shot by Taylor Aronson.
2:29 of 1st period - Deflect By J.T. Brown.
2:29 of 1st period - Shot Blocked by William Karlsson.
2:29 of 1st period - Puck is out of play.
2:30 of 1st period - Daultan Leveillé wins face-off versus Trevor Lewis in Thunder zone.
3:37 of 1st period - Nikolay Prokhorkin is hit by Lane MacDermid and loses puck.
4:59 of 1st period - Snap shot by Trevor Lewis.
4:59 of 1st period - Shot Misses the Net.
5:20 of 1st period - Snap shot by Jamie McGinn.
5:20 of 1st period - Shot Misses the Net.
5:30 of 1st period - Slapshot by Phil Di Giuseppe.
5:30 of 1st period - Shot Blocked by Gianluca Curcuruto.
5:33 of 1st period - Icing by Jordan Weal.
5:34 of 1st period - Colton Gillies wins face-off versus Jordan Weal in Thunder zone.
5:43 of 1st period - Snap shot by Phil Di Giuseppe.
5:43 of 1st period - Stopped by Niklas Treutle with a rebound.
5:45 of 1st period - Slapshot by Robert Bortuzzo.
5:45 of 1st period - Shot Blocked by Gianluca Curcuruto.
5:47 of 1st period - Snap shot by Colton Gillies.
5:47 of 1st period - Shot Misses the Net.
5:55 of 1st period - Snap shot by Colton Gillies.
5:55 of 1st period - Stopped by Niklas Treutle with a rebound.
5:57 of 1st period - Slapshot by Jonathan Blum.
5:57 of 1st period - Stopped by Niklas Treutle with a rebound.
6:09 of 1st period - Slapshot by Colton Gillies.
6:09 of 1st period - Deflect By Jared Staal.
6:09 of 1st period - Stopped by Niklas Treutle with a rebound.
6:11 of 1st period - Slapshot by Jonathan Blum.
6:11 of 1st period - Deflect By Jared Staal.
6:11 of 1st period - Shot Misses the Net.
6:11 of 1st period - Puck is out of play.
6:12 of 1st period - William Karlsson wins face-off versus Daultan Leveillé in Thunder zone.
6:12 of 1st period - William Karlsson is hit by Brandon Saad.
6:20 of 1st period - Daultan Leveillé is hit by Dany Roussin and loses puck.
7:04 of 1st period - Jake Muzzin is hit by Austin Poganski and loses puck.
7:29 of 1st period - Snap shot by Phil Di Giuseppe.
7:29 of 1st period - Shot Misses the Net.
7:47 of 1st period - Brandon Saad is hit by Eric Fehr and loses puck.
9:55 of 1st period - Snap shot by Phil McRae.
9:55 of 1st period - Stopped by Niklas Treutle with a rebound.
9:59 of 1st period - Snap shot by Aaron Palushaj.
9:59 of 1st period - Shot Misses the Net.
10:01 of 1st period - Wrist shot by Robert Bortuzzo.
10:01 of 1st period - Stopped by Niklas Treutle with a rebound.
10:17 of 1st period - Slapshot by Zach Stepan.
10:17 of 1st period - Stopped by Antti Raanta with a rebound.
10:31 of 1st period - Derek Forbort is hit by Jared Staal.
11:15 of 1st period - Jared Staal is hit by Eric Fehr and loses puck.
11:34 of 1st period - Jordie Benn is hit by Gianluca Curcuruto and loses puck.
12:12 of 1st period - Wrist shot by Phil Di Giuseppe.
12:12 of 1st period - Stopped by Niklas Treutle with a rebound.
12:14 of 1st period - Slapshot by Jake Muzzin.
12:14 of 1st period - Shot Misses the Net.
12:16 of 1st period - Slapshot by Colton Gillies.
12:16 of 1st period - Shot Blocked by Joey Ryan.
12:18 of 1st period - Snap shot by Colton Gillies.
12:18 of 1st period - Stopped by Niklas Treutle without a rebound.
12:19 of 1st period - Andrej Nestrasil wins face-off versus Trevor Lewis in Thunder zone.
12:34 of 1st period - Slapshot by J.T. Brown.
12:34 of 1st period - Deflect By Lane MacDermid.
12:34 of 1st period - Shot Misses the Net.
12:34 of 1st period - Puck is out of play.
12:35 of 1st period - Daultan Leveillé wins face-off versus Zach Stepan in Thunder zone.
12:36 of 1st period - Snap shot by Spencer Machacek.
12:36 of 1st period - Stopped by Niklas Treutle with a rebound.
12:48 of 1st period - Snap shot by Jamie McGinn.
12:48 of 1st period - Shot Misses the Net.
12:50 of 1st period - Slapshot by Josh Manson.
12:50 of 1st period - Shot Misses the Net.
12:56 of 1st period - Minor Penalty to Spencer Machacek for Hooking.
12:57 of 1st period - William Karlsson wins face-off versus Colton Gillies in Demolitions zone.
13:00 of 1st period - Snap shot by Eric Fehr.
13:00 of 1st period - Stopped by Antti Raanta with a rebound.
13:02 of 1st period - Snap shot by William Karlsson.
13:02 of 1st period - Shot Misses the Net.
13:04 of 1st period - Backhand shot by William Karlsson.
13:04 of 1st period - Stopped by Antti Raanta without a rebound.
13:05 of 1st period - William Karlsson wins face-off versus Colton Gillies in Demolitions zone.
13:21 of 1st period - Justin Falk is hit by Colton Gillies and loses puck.
13:28 of 1st period - Snap shot by Dany Roussin.
13:28 of 1st period - Stopped by Antti Raanta with a rebound.
13:30 of 1st period - Wrist shot by Eric Fehr.
13:30 of 1st period - Shot Blocked by Jonathan Blum.
13:32 of 1st period - Slapshot by Josh Manson.
13:32 of 1st period - Stopped by Antti Raanta with a rebound.
13:34 of 1st period - Wrist shot by Eric Fehr.
13:34 of 1st period - Shot Blocked by Jonathan Blum.
13:36 of 1st period - Slapshot by Justin Falk.
13:36 of 1st period - Stopped by Antti Raanta with a rebound.
14:16 of 1st period - Snap shot by William Karlsson.
14:16 of 1st period - Deflect By Eric Fehr.
14:16 of 1st period - Stopped by Antti Raanta with a rebound.
14:18 of 1st period - Backhand shot by Josh Manson.
14:18 of 1st period - Shot Blocked by Brandon Saad.
14:20 of 1st period - Slapshot by William Karlsson.
14:20 of 1st period - Goal by William Karlsson - Thunder : 1 - Demolitions : 0.
14:21 of 1st period - Daultan Leveillé wins face-off versus Trevor Lewis in neutral zone.
14:48 of 1st period - Joey Ryan is hit by Lane MacDermid and loses puck.
14:57 of 1st period - Snap shot by Jamie McGinn.
14:57 of 1st period - Shot Misses the Net.
15:07 of 1st period - Jordan Weal is hit by Phil Di Giuseppe and loses puck.
15:14 of 1st period - Snap shot by Phil Di Giuseppe.
15:14 of 1st period - Stopped by Niklas Treutle without a rebound.
15:15 of 1st period - Trevor Lewis wins face-off versus Daultan Leveillé in Thunder zone.
15:15 of 1st period - Trevor Lewis is hit by Daultan Leveillé.
15:46 of 1st period - Icing by Lane MacDermid.
15:47 of 1st period - William Karlsson wins face-off versus Andrej Nestrasil in Demolitions zone.
15:48 of 1st period - Snap shot by Eric Fehr.
15:48 of 1st period - Stopped by Antti Raanta without a rebound.
15:49 of 1st period - William Karlsson wins face-off versus Daultan Leveillé in Demolitions zone.
16:23 of 1st period - Wrist shot by Dany Roussin.
16:23 of 1st period - Shot Blocked by Robert Bortuzzo.
17:09 of 1st period - Snap shot by Phil Di Giuseppe.
17:09 of 1st period - Shot Blocked by Eric Fehr.
17:38 of 1st period - Slapshot by Colton Gillies.
17:38 of 1st period - Shot Misses the Net.
17:40 of 1st period - Backhand shot by Colton Gillies.
17:40 of 1st period - Shot Misses the Net.
17:42 of 1st period - Snap shot by Phil Di Giuseppe.
17:42 of 1st period - Shot Misses the Net.
17:44 of 1st period - Slapshot by Taylor Aronson.
17:44 of 1st period - Shot Misses the Net.
17:46 of 1st period - Snap shot by Robert Bortuzzo.
17:46 of 1st period - Shot Blocked by Eric Fehr.
17:48 of 1st period - Slapshot by Robert Bortuzzo.
17:48 of 1st period - Deflect By Joey Ryan.
17:48 of 1st period - Stopped by Niklas Treutle with a rebound.
17:50 of 1st period - Slapshot by Robert Bortuzzo.
17:50 of 1st period - Shot Misses the Net.
17:52 of 1st period - Wrist shot by Colton Gillies.
17:52 of 1st period - Deflect By Eric Fehr.
17:52 of 1st period - Shot Blocked by Joey Ryan.
17:52 of 1st period - Puck is out of play.
17:53 of 1st period - Daultan Leveillé wins face-off versus Trevor Lewis in Thunder zone.
17:54 of 1st period - Slapshot by Spencer Machacek.
17:54 of 1st period - Stopped by Niklas Treutle with a rebound.
17:56 of 1st period - Wrist shot by Daultan Leveillé.
17:56 of 1st period - Goal by Daultan Leveillé - Thunder : 1 - Demolitions : 1.
17:57 of 1st period - Trevor Lewis wins face-off versus Daultan Leveillé in neutral zone.
18:02 of 1st period - Wrist shot by Trevor Lewis.
18:02 of 1st period - Stopped by Antti Raanta with a rebound.
18:10 of 1st period - Wrist shot by Brandon Saad.
18:10 of 1st period - Stopped by Niklas Treutle without a rebound.
18:11 of 1st period - Daultan Leveillé wins face-off versus Trevor Lewis in Thunder zone.
19:19 of 1st period - Snap shot by David Wolf.
19:19 of 1st period - Stopped by Antti Raanta with a rebound.
Goals for this period are 1 for Thunder vs 1 for Demolitions.
Shots for this period are 13 for Thunder vs 17 for Demolitions.
2nd period
0:01 of 2nd period - Daultan Leveillé wins face-off versus William Karlsson in neutral zone.
0:03 of 2nd period - Off-side.
0:04 of 2nd period - William Karlsson wins face-off versus Daultan Leveillé in neutral zone.
0:17 of 2nd period - Backhand shot by Brandon Saad.
0:17 of 2nd period - Stopped by Niklas Treutle with a rebound.
0:19 of 2nd period - Wrist shot by Brandon Saad.
0:19 of 2nd period - Deflect By Daultan Leveillé.
0:19 of 2nd period - Stopped by Niklas Treutle without a rebound.
0:20 of 2nd period - Andrej Nestrasil wins face-off versus Trevor Lewis in Thunder zone.
1:30 of 2nd period - Taylor Aronson is hit by Josh Manson and loses puck.
1:35 of 2nd period - Wrist shot by David Wolf.
1:35 of 2nd period - Deflect By Austin Wuthrich.
1:35 of 2nd period - Stopped by Antti Raanta without a rebound.
1:36 of 2nd period - William Karlsson wins face-off versus Daultan Leveillé in Demolitions zone.
2:01 of 2nd period - Jordie Benn is hit by Jamie McGinn and loses puck.
2:27 of 2nd period - Snap shot by Alex Hutchings.
2:27 of 2nd period - Shot Blocked by Derek Forbort.
2:29 of 2nd period - Slapshot by Jordie Benn.
2:29 of 2nd period - Deflect By David Wolf.
2:29 of 2nd period - Stopped by Niklas Treutle without a rebound.
2:30 of 2nd period - William Karlsson wins face-off versus Phil McRae in Thunder zone.
3:48 of 2nd period - Snap shot by Phil McRae.
3:48 of 2nd period - Shot Misses the Net.
3:56 of 2nd period - Snap shot by Alex Hutchings.
3:56 of 2nd period - Stopped by Niklas Treutle with a rebound.
3:58 of 2nd period - Snap shot by Aaron Palushaj.
3:58 of 2nd period - Shot Misses the Net.
4:14 of 2nd period - Snap shot by Aaron Palushaj.
4:14 of 2nd period - Stopped by Niklas Treutle with a rebound.
4:16 of 2nd period - Slapshot by Nikita Tryamkin.
4:16 of 2nd period - Shot Misses the Net.
4:38 of 2nd period - Snap shot by Alex Hutchings.
4:38 of 2nd period - Shot Blocked by Jamie McGinn.
4:48 of 2nd period - Wrist shot by Phil McRae.
4:48 of 2nd period - Stopped by Niklas Treutle with a rebound.
4:50 of 2nd period - Slapshot by Jake Muzzin.
4:50 of 2nd period - Shot Misses the Net.
4:52 of 2nd period - Snap shot by Jake Muzzin.
4:52 of 2nd period - Shot Misses the Net.
4:54 of 2nd period - Slapshot by Nikita Tryamkin.
4:54 of 2nd period - Shot Blocked by Jamie McGinn.
4:56 of 2nd period - Snap shot by Phil McRae.
4:56 of 2nd period - Deflect By Aaron Palushaj.
4:56 of 2nd period - Stopped by Niklas Treutle with a rebound.
4:58 of 2nd period - Slapshot by Jake Muzzin.
4:58 of 2nd period - Shot Blocked by Peter Andersson.
5:00 of 2nd period - Slapshot by Alex Hutchings.
5:00 of 2nd period - Shot Blocked by Peter Andersson.
5:02 of 2nd period - Wrist shot by Alex Hutchings.
5:02 of 2nd period - Shot Blocked by Jamie McGinn.
5:23 of 2nd period - Snap shot by Alex Hutchings.
5:23 of 2nd period - Stopped by Niklas Treutle with a rebound.
5:29 of 2nd period - Snap shot by Phil McRae.
5:29 of 2nd period - Shot Misses the Net.
6:14 of 2nd period - Slapshot by Alex Hutchings.
6:14 of 2nd period - Stopped by Niklas Treutle without a rebound.
6:15 of 2nd period - Daultan Leveillé wins face-off versus William Karlsson in Thunder zone.
6:28 of 2nd period - Jonathan Blum is hit by Josh Manson and loses puck.
7:21 of 2nd period - Eric Fehr is hit by Spencer Machacek and loses puck.
7:48 of 2nd period - Colton Gillies is hit by David Wolf and loses puck.
8:24 of 2nd period - Minor Penalty to J.T. Brown for Holding.
8:25 of 2nd period - Spencer Machacek wins face-off versus Trevor Lewis in Demolitions zone.
8:36 of 2nd period - Snap shot by Trevor Lewis.
8:36 of 2nd period - Stopped by Antti Raanta with a rebound.
8:38 of 2nd period - Slapshot by Josh Manson.
8:38 of 2nd period - Stopped by Antti Raanta without a rebound.
8:39 of 2nd period - William Karlsson wins face-off versus Spencer Machacek in Demolitions zone.
9:12 of 2nd period - Jordie Benn is hit by David Wolf and loses puck.
9:43 of 2nd period - Michael Prapavessis is hit by Eric Fehr and loses puck.
10:24 of 2nd period - Penalty to J.T. Brown is over, J.T. Brown is back on ice.
10:32 of 2nd period - Wrist shot by Trevor Lewis.
10:32 of 2nd period - Shot Misses the Net.
10:34 of 2nd period - Slapshot by Derek Forbort.
10:34 of 2nd period - Shot Blocked by Jake Muzzin.
10:36 of 2nd period - Wrist shot by Derek Forbort.
10:36 of 2nd period - Stopped by Antti Raanta without a rebound.
10:37 of 2nd period - Phil Di Giuseppe wins face-off versus Jordan Weal in Demolitions zone.
10:42 of 2nd period - Snap shot by Phil Di Giuseppe.
10:42 of 2nd period - Shot Blocked by Mikko Vainonen.
10:55 of 2nd period - Icing by Robert Bortuzzo.
10:56 of 2nd period - Daultan Leveillé wins face-off versus Dany Roussin in Demolitions zone.
11:01 of 2nd period - Dany Roussin is hit by Taylor Aronson and loses puck.
11:22 of 2nd period - Jonathan Blum is hit by Austin Wuthrich and loses puck.
11:29 of 2nd period - Snap shot by Justin Falk.
11:29 of 2nd period - Stopped by Antti Raanta with a rebound.
11:45 of 2nd period - Snap shot by Colton Gillies.
11:45 of 2nd period - Stopped by Niklas Treutle without a rebound.
11:46 of 2nd period - Eric Fehr wins face-off versus Colton Gillies in Thunder zone.
12:04 of 2nd period - Nikita Tryamkin is hit by Derek Forbort.
12:10 of 2nd period - Dany Roussin is hit by Colton Gillies and loses puck.
12:35 of 2nd period - Wrist shot by Phil Di Giuseppe.
12:35 of 2nd period - Stopped by Niklas Treutle with a rebound.
12:41 of 2nd period - Snap shot by Phil Di Giuseppe.
12:41 of 2nd period - Shot Misses the Net.
12:43 of 2nd period - Slapshot by Nikita Tryamkin.
12:43 of 2nd period - Stopped by Niklas Treutle without a rebound.
12:44 of 2nd period - Daultan Leveillé wins face-off versus Trevor Lewis in Thunder zone.
13:13 of 2nd period - Slapshot by Justin Falk.
13:13 of 2nd period - Deflect By Austin Wuthrich.
13:13 of 2nd period - Stopped by Antti Raanta with a rebound.
13:15 of 2nd period - Snap shot by Trevor Lewis.
13:15 of 2nd period - Stopped by Antti Raanta without a rebound.
13:16 of 2nd period - Andrej Nestrasil wins face-off versus Zach Stepan in Demolitions zone.
13:49 of 2nd period - Snap shot by Spencer Machacek.
13:49 of 2nd period - Shot Misses the Net.
13:51 of 2nd period - Snap shot by Brandon Saad.
13:51 of 2nd period - Shot Blocked by Jordan Weal.
14:01 of 2nd period - Jordie Benn is hit by Austin Wuthrich and loses puck.
14:44 of 2nd period - Wrist shot by J.T. Brown.
14:44 of 2nd period - Shot Blocked by Austin Wuthrich.
15:29 of 2nd period - Wrist shot by Dany Roussin.
15:29 of 2nd period - Stopped by Antti Raanta with a rebound.
15:47 of 2nd period - Slapshot by Colton Gillies.
15:47 of 2nd period - Shot Misses the Net.
16:05 of 2nd period - Andrej Nestrasil is hit by Dany Roussin and loses puck.
16:38 of 2nd period - Snap shot by Aaron Palushaj.
16:38 of 2nd period - Shot Misses the Net.
16:40 of 2nd period - Snap shot by Robert Bortuzzo.
16:40 of 2nd period - Deflect By Phil McRae.
16:40 of 2nd period - Shot Misses the Net.
16:40 of 2nd period - Puck is out of play.
16:41 of 2nd period - Daultan Leveillé wins face-off versus Zach Stepan in Thunder zone.
17:13 of 2nd period - Slapshot by Derek Forbort.
17:13 of 2nd period - Shot Blocked by Lane MacDermid.
17:15 of 2nd period - Slapshot by Mikko Vainonen.
17:15 of 2nd period - Shot Misses the Net.
17:17 of 2nd period - Slapshot by Austin Wuthrich.
17:17 of 2nd period - Deflect By David Wolf.
17:17 of 2nd period - Shot Misses the Net.
17:17 of 2nd period - Puck is out of play.
17:18 of 2nd period - William Karlsson wins face-off versus Daultan Leveillé in Demolitions zone.
17:23 of 2nd period - Snap shot by Dany Roussin.
17:23 of 2nd period - Shot Misses the Net.
17:25 of 2nd period - Snap shot by Dany Roussin.
17:25 of 2nd period - Stopped by Antti Raanta with a rebound.
17:27 of 2nd period - Snap shot by Eric Fehr.
17:27 of 2nd period - Goal by Eric Fehr - Thunder : 2 - Demolitions : 1.
17:28 of 2nd period - William Karlsson wins face-off versus Daultan Leveillé in neutral zone.
17:31 of 2nd period - Slapshot by Justin Falk.
17:31 of 2nd period - Deflect By William Karlsson.
17:31 of 2nd period - Stopped by Antti Raanta without a rebound.
17:32 of 2nd period - Daultan Leveillé wins face-off versus William Karlsson in Demolitions zone.
18:55 of 2nd period - Backhand shot by Colton Gillies.
18:55 of 2nd period - Shot Blocked by Joey Ryan.
18:57 of 2nd period - Slapshot by Nikita Tryamkin.
18:57 of 2nd period - Stopped by Niklas Treutle with a rebound.
19:11 of 2nd period - Snap shot by Phil Di Giuseppe.
19:11 of 2nd period - Goal by Phil Di Giuseppe - Thunder : 2 - Demolitions : 2.
19:12 of 2nd period - William Karlsson wins face-off versus Brandon Saad in neutral zone.
19:25 of 2nd period - Snap shot by Spencer Machacek.
19:25 of 2nd period - Shot Misses the Net.
Goals for this period are 1 for Thunder vs 1 for Demolitions.
Shots for this period are 11 for Thunder vs 14 for Demolitions.
3rd period
0:01 of 3rd period - Daultan Leveillé wins face-off versus William Karlsson in neutral zone.
0:34 of 3rd period - Wrist shot by Trevor Lewis.
0:34 of 3rd period - Shot Misses the Net.
0:56 of 3rd period - Slapshot by Jamie McGinn.
0:56 of 3rd period - Shot Misses the Net.
2:32 of 3rd period - Snap shot by Spencer Machacek.
2:32 of 3rd period - Stopped by Niklas Treutle with a rebound.
3:06 of 3rd period - Jake Muzzin is hit by Peter Andersson and loses puck.
3:15 of 3rd period - Slapshot by Zach Stepan.
3:15 of 3rd period - Deflect By Austin Poganski.
3:15 of 3rd period - Shot Blocked by Jake Muzzin.
3:15 of 3rd period - Puck is out of play.
3:16 of 3rd period - Daultan Leveillé wins face-off versus Trevor Lewis in Demolitions zone.
3:45 of 3rd period - Off-side.
3:46 of 3rd period - William Karlsson wins face-off versus Colton Gillies in neutral zone.
3:57 of 3rd period - Snap shot by Phil Di Giuseppe.
3:57 of 3rd period - Shot Misses the Net.
4:20 of 3rd period - Icing by Colton Gillies.
4:21 of 3rd period - Colton Gillies wins face-off versus Dany Roussin in Demolitions zone.
4:21 of 3rd period - Colton Gillies is hit by Josh Manson.
4:31 of 3rd period - Nikita Tryamkin is hit by Dany Roussin.
4:54 of 3rd period - Snap shot by Daultan Leveillé.
4:54 of 3rd period - Stopped by Niklas Treutle with a rebound.
5:17 of 3rd period - J.T. Brown is hit by Jamie McGinn and loses puck.
5:52 of 3rd period - Austin Wuthrich is hit by Brandon Saad and loses puck.
5:58 of 3rd period - Icing by Mikko Vainonen.
5:59 of 3rd period - David Wolf wins face-off versus Andrej Nestrasil in Thunder zone.
6:16 of 3rd period - Snap shot by David Wolf.
6:16 of 3rd period - Stopped by Antti Raanta with a rebound.
6:43 of 3rd period - Snap shot by David Wolf.
6:43 of 3rd period - Stopped by Antti Raanta without a rebound.
6:44 of 3rd period - Andrej Nestrasil wins face-off versus William Karlsson in Demolitions zone.
7:11 of 3rd period - Spencer Machacek is hit by Justin Falk and loses puck.
7:20 of 3rd period - Snap shot by Zach Stepan.
7:20 of 3rd period - Shot Misses the Net.
7:36 of 3rd period - Snap shot by Nikolay Prokhorkin.
7:36 of 3rd period - Shot Misses the Net.
7:59 of 3rd period - Spencer Machacek is hit by David Wolf and loses puck.
8:10 of 3rd period - Slapshot by Spencer Machacek.
8:10 of 3rd period - Stopped by Niklas Treutle without a rebound.
8:11 of 3rd period - Andrej Nestrasil wins face-off versus Austin Poganski in Thunder zone.
8:24 of 3rd period - Wrist shot by J.T. Brown.
8:24 of 3rd period - Goal by J.T. Brown - Thunder : 2 - Demolitions : 3.
8:25 of 3rd period - William Karlsson wins face-off versus Andrej Nestrasil in neutral zone.
8:50 of 3rd period - Eric Fehr is hit by Taylor Aronson and loses puck.
9:15 of 3rd period - Snap shot by Dany Roussin.
9:15 of 3rd period - Stopped by Antti Raanta with a rebound.
9:17 of 3rd period - Slapshot by William Karlsson.
9:17 of 3rd period - Stopped by Antti Raanta with a rebound.
9:19 of 3rd period - Snap shot by Eric Fehr.
9:19 of 3rd period - Goal by Eric Fehr - Thunder : 3 - Demolitions : 3.
9:20 of 3rd period - Daultan Leveillé wins face-off versus Trevor Lewis in neutral zone.
9:29 of 3rd period - Slapshot by Spencer Machacek.
9:29 of 3rd period - Stopped by Niklas Treutle with a rebound.
9:31 of 3rd period - Snap shot by Brandon Saad.
9:31 of 3rd period - Stopped by Niklas Treutle without a rebound.
9:32 of 3rd period - Daultan Leveillé wins face-off versus Trevor Lewis in Thunder zone.
9:33 of 3rd period - Snap shot by Spencer Machacek.
9:33 of 3rd period - Shot Misses the Net.
9:35 of 3rd period - Slapshot by Jordie Benn.
9:35 of 3rd period - Shot Misses the Net.
9:37 of 3rd period - Backhand shot by Daultan Leveillé.
9:37 of 3rd period - Shot Misses the Net.
9:53 of 3rd period - Minor Penalty to David Wolf for Roughing.
9:54 of 3rd period - Daultan Leveillé wins face-off versus Eric Fehr in Thunder zone.
10:18 of 3rd period - Icing by Daultan Leveillé.
10:19 of 3rd period - Andrej Nestrasil wins face-off versus Eric Fehr in Demolitions zone.
10:26 of 3rd period - Slapshot by J.T. Brown.
10:26 of 3rd period - Shot Misses the Net.
10:28 of 3rd period - Slapshot by Jonathan Blum.
10:28 of 3rd period - Shot Blocked by Eric Fehr.
10:30 of 3rd period - Slapshot by Jonathan Blum.
10:30 of 3rd period - Shot Misses the Net.
10:32 of 3rd period - Snap shot by Jordie Benn.
10:32 of 3rd period - Shot Blocked by Dany Roussin.
10:34 of 3rd period - Slapshot by J.T. Brown.
10:34 of 3rd period - Deflect By Lane MacDermid.
10:34 of 3rd period - Shot Misses the Net.
10:34 of 3rd period - Puck is out of play.
10:35 of 3rd period - Eric Fehr wins face-off versus Daultan Leveillé in Thunder zone.
11:03 of 3rd period - Icing by Andrej Nestrasil.
11:04 of 3rd period - J.T. Brown wins face-off versus Artur Gavrus in Demolitions zone.
11:09 of 3rd period - Snap shot by Jonathan Blum.
11:09 of 3rd period - Shot Misses the Net.
11:11 of 3rd period - Slapshot by Jonathan Blum.
11:11 of 3rd period - Shot Misses the Net.
11:52 of 3rd period - Trevor Lewis is hit by J.T. Brown and loses puck.
11:53 of 3rd period - Penalty to David Wolf is over, David Wolf is back on ice.
12:37 of 3rd period - Slapshot by Jordie Benn.
12:37 of 3rd period - Shot Blocked by Justin Falk.
12:54 of 3rd period - Minor Penalty to Lane MacDermid for Roughing.
12:55 of 3rd period - Vincent Dunn wins face-off versus Daultan Leveillé in Demolitions zone.
14:44 of 3rd period - Slapshot by Jonathan Blum.
14:44 of 3rd period - Stopped by Niklas Treutle with a rebound.
14:54 of 3rd period - Penalty to Lane MacDermid is over, Lane MacDermid is back on ice.
15:38 of 3rd period - Slapshot by Lane MacDermid.
15:38 of 3rd period - Shot Blocked by Austin Wuthrich.
15:44 of 3rd period - Slapshot by Alex Hutchings.
15:44 of 3rd period - Shot Misses the Net.
15:48 of 3rd period - Wrist shot by Lane MacDermid.
15:48 of 3rd period - Shot Misses the Net.
15:50 of 3rd period - Slapshot by Lane MacDermid.
15:50 of 3rd period - Stopped by Niklas Treutle with a rebound.
15:52 of 3rd period - Slapshot by Taylor Aronson.
15:52 of 3rd period - Shot Blocked by Josh Manson.
15:54 of 3rd period - Snap shot by Robert Bortuzzo.
15:54 of 3rd period - Stopped by Niklas Treutle with a rebound.
15:56 of 3rd period - Slapshot by Taylor Aronson.
15:56 of 3rd period - Stopped by Niklas Treutle with a rebound.
16:28 of 3rd period - Wrist shot by Lane MacDermid.
16:28 of 3rd period - Shot Blocked by Austin Wuthrich.
16:30 of 3rd period - Slapshot by Taylor Aronson.
16:30 of 3rd period - Deflect By Justin Falk.
16:30 of 3rd period - Stopped by Niklas Treutle with a rebound.
16:32 of 3rd period - Slapshot by Alex Hutchings.
16:32 of 3rd period - Shot Blocked by Josh Manson.
16:34 of 3rd period - Slapshot by Taylor Aronson.
16:34 of 3rd period - Stopped by Niklas Treutle without a rebound.
16:35 of 3rd period - William Karlsson wins face-off versus Daultan Leveillé in Thunder zone.
17:09 of 3rd period - Snap shot by Zach Stepan.
17:09 of 3rd period - Stopped by Antti Raanta with a rebound.
17:12 of 3rd period - Icing by Phil Di Giuseppe.
17:13 of 3rd period - Colton Gillies wins face-off versus William Karlsson in Demolitions zone.
17:28 of 3rd period - Slapshot by Jonathan Blum.
17:28 of 3rd period - Stopped by Niklas Treutle without a rebound.
17:29 of 3rd period - William Karlsson wins face-off versus Daultan Leveillé in Thunder zone.
17:35 of 3rd period - Off-side.
17:36 of 3rd period - William Karlsson wins face-off versus Daultan Leveillé in neutral zone.
17:45 of 3rd period - Wrist shot by Daultan Leveillé.
17:45 of 3rd period - Deflect By Brandon Saad.
17:45 of 3rd period - Goal by Brandon Saad - Thunder : 3 - Demolitions : 4.
17:46 of 3rd period - William Karlsson wins face-off versus Daultan Leveillé in neutral zone.
18:11 of 3rd period - Phil Di Giuseppe is hit by Trevor Lewis and loses puck.
18:18 of 3rd period - Wrist shot by David Wolf.
18:18 of 3rd period - Stopped by Antti Raanta with a rebound.
18:20 of 3rd period - Wrist shot by Trevor Lewis.
18:20 of 3rd period - Shot Misses the Net.
19:27 of 3rd period - Thunder, Niklas Treutle is pulled from the net.
19:31 of 3rd period - Snap shot by Jamie McGinn.
19:31 of 3rd period - Shot Misses the Net.
19:33 of 3rd period - Wrist shot by Austin Poganski.
19:33 of 3rd period - Shot Misses the Net.
19:35 of 3rd period - Slapshot by Gianluca Curcuruto.
19:35 of 3rd period - Shot Misses the Net.
19:37 of 3rd period - Snap shot by Austin Poganski.
19:37 of 3rd period - Shot Misses the Net.
19:39 of 3rd period - Slapshot by Jesper Pettersson.
19:39 of 3rd period - Deflect By Jamie McGinn.
19:39 of 3rd period - Shot Blocked by Spencer Machacek.
19:39 of 3rd period - Puck is out of play.
19:40 of 3rd period - Lanne MacDonald call a timeout for Thunder.
19:40 of 3rd period - William Karlsson wins face-off versus Daultan Leveillé in Demolitions zone.
19:45 of 3rd period - Wrist shot by Eric Fehr.
19:45 of 3rd period - Shot Misses the Net.
19:47 of 3rd period - Wrist shot by Dany Roussin.
19:47 of 3rd period - Shot Misses the Net.
19:57 of 3rd period - Snap shot by Eric Fehr.
19:57 of 3rd period - Stopped by Antti Raanta without a rebound.
19:58 of 3rd period - William Karlsson wins face-off versus Daultan Leveillé in Demolitions zone.
Goals for this period are 1 for Thunder vs 2 for Demolitions.
Shots for this period are 8 for Thunder vs 14 for Demolitions.
Back to the Top